 Dungeon Crawl Stone Soup version 0.26-a0-757-g626ac9e51a (webtiles) character file.

Game seed: 2847993872040725382

30038 strifetoe the Cleaver (level 13, -4/84 HPs)
             Began as a Gargoyle Fighter on Nov 7, 2020.
             Was a High Priest of Nemelex Xobeh.
             Engulfed by an ice statue's freezing vapour (16 damage)
             ... in an ice cave.
             The game lasted 00:22:51 (15709 turns).

strifetoe the Cleaver (Gargoyle Fighter)           Turns: 15709, Time: 00:22:52

Health: -4/84      AC: 28    Str: 32    XL:     13   Next: 49%
Magic:  0/13       EV: 13    Int: 18    God:    Nemelex Xobeh [*****.]
Gold:   535        SH: 11    Dex: 15    Spells: 12/12 levels left

rFire    . . .     SeeInvis +   C - +3 war axe (flame)
rCold    . . .     Faith    .   c - +0 kite shield
rNeg     + + +     Spirit   +   a - +0 plate armour
rPois    ∞         Reflect  .   y - +2 helmet "Nuseshra" {-Tele rN++ Int+8 Dex+3}
rElec    +         Harm     .   l - scarf {+Inv}
rCorr    .         Rampage  .   K - +0 pair of gloves {Dex+3}
MR       .....     NoTele   +   (no boots)
Stlth    ..........             i - amulet "Heoqon" {Spirit Str+2 SInv}
HPRegen  0.24/turn              m - +6 ring of strength
MPRegen  0.13/turn              u - +4 ring of evasion

@: no status effects
A: negative energy resistance 1, electricity resistance, unbreathing,
petrification resistance, rot immunity, AC +9
a: Draw Escape, Draw Destruction, Draw Summoning, Triple Draw, Deal Four, Stack
Five, Renounce Religion, Evoke Invisibility


You were in an ice cave.
You worshipped Nemelex Xobeh.
Nemelex Xobeh was extremely pleased with you.
You visited 3 branches of the dungeon, and saw 15 of its levels.
You also visited: Gauntlet and Ice Cave.

You collected 1089 gold pieces.
You spent 554 gold pieces at shops.

Inventory:

Hand Weapons
 z - the +2 trident "Gir Colu" {flame, +Fly rC+ Str-5 Dex+7}
   (You found it on level 5 of the Dungeon)

   It has been specially enchanted to burn those struck by it, causing extra
   injury to most foes and up to half again as much damage against particularly
   susceptible opponents.
   It affects your strength (-5).
   It affects your dexterity (+7).
   It protects you from cold.
   It lets you fly.
 C - a +3 war axe of flaming (weapon)
 E - a +4 war axe of electrocution
 F - the +3 flail of Reason {protect, rN+ MP-9 Dex+5}
   (You found it on level 6 of the Dungeon)

   It grants its wielder temporary protection when it strikes (+7 to AC).
   It affects your dexterity (+5).
   It protects you from negative energy.
   It affects your magic capacity (-9).
Missiles
 D - 16 silver javelins (quivered)
Armour
 a - a +0 plate armour (worn)
 c - a +0 kite shield (worn)
 k - a +1 helmet
 l - a scarf of invisibility (worn)
 y - the +2 helmet "Nuseshra" (worn) {-Tele rN++ Int+8 Dex+3}
   (You found it in a Gauntlet)

   It affects your intelligence (+8).
   It affects your dexterity (+3).
   It greatly protects you from negative energy.
   It prevents most forms of teleportation.
 J - the +3 cloak of the Dropbear {Rampage rC- MP+9 Str+6}
   (You bought it in a shop on level 10 of the Dungeon)

   It affects your strength (+6).
   It makes you vulnerable to cold.
   It affects your magic capacity (+9).
   It bestows one free step when moving towards enemies.
 K - a +0 pair of gloves of dexterity (worn)
Jewellery
 i - the amulet "Heoqon" (around neck) {Spirit Str+2 SInv}
   (You found it in a Gauntlet)

   [amulet of guardian spirit]

   It causes incoming damage to be split between your health and magic.
   It affects your strength (+2).
   It lets you see invisible.
 m - a +6 ring of strength (left hand)
 o - an uncursed amulet of reflection
 u - a +4 ring of evasion (right hand)
 w - an uncursed ring of ice
Wands
 B - a wand of digging (6)
 H - a wand of random effects (40)
 I - a wand of acid (16)
 M - a wand of flame (23)
Scrolls
 e - 7 scrolls of identify
 g - 2 scrolls of amnesia
 h - 5 scrolls of remove curse
 p - a scroll of blinking
 t - a scroll of fog
 x - 3 scrolls of teleportation
 G - 3 scrolls of enchant armour
 L - a scroll of vulnerability {unknown}
 N - a scroll of fear
Potions
 b - a potion of brilliance {unknown}
 d - a potion of might
 f - 5 potions of cancellation
 j - 4 potions of magic
 n - 10 potions of curing
 q - 3 potions of flight {unknown}
 r - 4 potions of mutation
 s - 3 potions of haste
 v - 2 potions of ambrosia
 A - 2 potions of heal wounds


   Skills:
 - Level 10.9 Fighting
 - Level 14.1 Axes
 + Level 9.3 Armour
 + Level 6.5 Dodging
 - Level 3.2 Shields
 + Level 6.7 Evocations


You had 12 spell levels left.
You didn't know any spells.
Your spell library contained the following spells:

 Spells                   Type           Power        Failure   Level
 Shock                    Conj/Air       #...         100%        1
 Summon Small Mammal      Summ           #...         100%        1
 Call Imp                 Summ           #.......     100%        2
 Swiftness                Air            #.......     100%        2
 Call Canine Familiar     Summ           #.......     100%        3
 Confusing Touch          Hex            #.......     100%        3
 Gell's Gravitas          Tloc           #.........   100%        3
 Static Discharge         Conj/Air       #.......     100%        3
 Summon Guardian Golem    Hex/Summ       #.......     100%        3
 Airstrike                Air            #.........   100%        4
 Petrify                  Tmut/Erth      #.......     100%        4
 Summon Ice Beast         Ice/Summ       #.......     100%        4
 Summon Lightning Spire   Summ/Air       #.......     100%        4
 Lightning Bolt           Conj/Air       #.........   100%        5
 Metabolic Englaciation   Hex/Ice        #.........   100%        5
 Yara's Violent Unravell  Hex/Tmut       #.........   100%        5


Dungeon Overview and Level Annotations

Branches:
Dungeon (12/15)            Temple (1/1) D:6            Lair (2/6) D:8
    Orc (0/2) D:12          IceCv (1/1)             Gauntlet (visited)
  Swamp: Lair:2-4    Shoals: Lair:2-4     Snake: Lair:2-4    Spider: Lair:2-4

Altars:
Ashenzari
Cheibriados
Elyvilon
Fedhas
Gozag
Hepliaklqana
Kikubaaqudgha
Makhleb
Nemelex Xobeh
Okawaru
Sif Muna
Trog
Yredelemnul
Zin
Beogh

Shops:
D:10 [   D:11 ?   D:12 (

Annotations:
D:5 2 transporters, thriggle's ghost, amateur BaIE
D:8 exclusion: downstairs
D:9 1 runed translucent door
D:12 1 runed translucent door IceCv exclusion: ice statue


Innate Abilities, Weirdness & Mutations

You are resistant to torment.
Your stone body is resilient. (AC +9)
You are immune to poison.
You resist negative energy. (rN+)
You are resistant to electric shocks. (rElec)
You can survive without breathing.
You are immune to petrification.
You are immune to rotting.


Message History

You kill the ice beast!
You slash the ice beast!
You melt the ice beast.
You kill the ice beast!
You slash the ice statue!
You melt the ice statue.
The ice statue gestures.
The ice statue gestures at you. The bolt of cold hits you!
* * * LOW HITPOINT WARNING * * *
You block the ice beast's attack.
You hit the ice beast.
You melt the ice beast.
The ice beast is lightly wounded.
You slash the ice statue!
You melt the ice statue.
You destroy the ice statue!
The ice beast disappears in a puff of smoke!
The ice statue gestures at you. You block the ice beast's attack.
You completely miss the ice beast.
The ice beast is lightly wounded.
You are engulfed in freezing vapours.
You die...
Your body glows with a rainbow of weird colours and disappears.

##...# ##...##
#...## #..##
##..## ##..#
##.§####
#8#..○Y#.###
#...Y☼§@...#
#....○§§.§...#
#......§........
##..........#...
#..........## .#
##........## #
##...##### ####


You could see an ice statue and 2 ice beasts.

Vanquished Creatures
  A reaper (Gauntlet)
  A minotaur (Gauntlet)
  Erolcha (D:12)
  A boulder beetle (D:11)
  Erica (D:9)
  4 hydras
  3 two-headed ogres
  2 cyclopes (D:12)
  An ugly thing (D:12)
  A manticore (D:12)
  3 elephants (Lair:2)
  Joseph (D:9)
  A black mamba (Lair:2)
  An ice statue (IceCv)
  7 cane toads
  3 centaur skeletons
  Maggie (D:7)
  5 komodo dragons
  A hellwing (Gauntlet)
  4 trolls
  A meliai zombie (D:11)
  3 blink frogs (Lair:2)
  Sigmund (D:5)
  4 shadows (Gauntlet)
  11 yaks
  A wraith (D:10)
  3 wyverns
  A vampire (D:9)
  4 vampire mosquitoes (D:12)
  An acid dragon (D:10)
  6 water moccasins
  Duvessa (D:5)
  4 sky beasts
  A hornet zombie (D:9)
  7 orc warriors
  2 phantoms
  8 ogres
  5 wolves (Lair:2)
  7 centaurs
  20 bullfrogs
  A water moccasin zombie (D:5)
  Dowan (D:5)
  A wyvern skeleton (D:9)
  10 killer bees
  2 electric eels (Lair:1)
  8 wights
  5 howler monkeys (D:12)
  A bullfrog zombie (D:12)
  A quasit (D:10)
  Crazy Yiuf (D:7)
  2 bullfrog skeletons
  5 hounds
  13 orc wizards
  5 orc priests
  3 jellies
  Natasha (thrice) (D:2)
  An iguana (D:12)
  5 worker ants
  A hound skeleton (D:4)
  Robin (D:3)
  A worker ant zombie (D:9)
  3 gnolls (D:6)
  9 adders
  A howler monkey skeleton (D:11)
  A river rat (D:3)
  3 shadow imps
  9 white imps
  7 ufetubi
  An ooze (D:4)
  2 adder zombies
  4 dart slugs
  8 leopard geckos
  46 orcs
  5 bats
  7 giant cockroaches
  14 goblins
  7 hobgoblins
  6 jackals
  6 quokkas
  3 ball pythons
  6 frilled lizards
  7 kobolds
  3 quokka skeletons
  9 rats
372 creatures vanquished.

Vanquished Creatures (others)
  An adder (D:9)
  3 ufetubi (IceCv)
  12 demonic plants (Gauntlet)
  12 fungi
  14 plants
42 creatures vanquished.

Grand Total: 414 creatures vanquished

Notes
Turn   | Place    | Note
-------+----------+-------------------------------------------
     0 | D:1      | strifetoe the Gargoyle Fighter began the quest for the Orb.
     0 | D:1      | Reached XP level 1. HP: 14/14 MP: 1/1
    34 | D:1      | Reached skill level 2 in Axes
    55 | D:1      | Reached XP level 2. HP: 15/19 MP: 2/2
   335 | D:1      | Reached skill level 3 in Axes
   367 | D:1      | Reached XP level 3. HP: 23/23 MP: 3/3
   915 | D:2      | Found an ancient bone altar of Kikubaaqudgha.
  1100 | D:2      | Noticed Natasha
  1110 | D:2      | Killed Natasha
  1110 | D:2      | Reached XP level 4. HP: 15/28 MP: 4/4
  1467 | D:2      | Noticed Natasha
  1481 | D:2      | Killed Natasha
  1481 | D:2      | Reached skill level 4 in Axes
  2003 | D:2      | Noticed Natasha
  2012 | D:2      | Killed Natasha
  2012 | D:2      | Reached XP level 5. HP: 24/32 MP: 5/5
  2365 | D:3      | Reached skill level 5 in Axes
  2447 | D:3      | Noticed Robin
  2464 | D:3      | Killed Robin
  2464 | D:3      | Reached XP level 6. HP: 22/37 MP: 6/6
  2788 | D:3      | Found a hazy altar of Hepliaklqana.
  3307 | D:4      | Reached skill level 6 in Axes
  3912 | D:5      | Entered Level 5 of the Dungeon
  3912 | D:5      | Noticed Duvessa
  3912 | D:5      | Noticed Dowan
  3927 | D:5      | Killed Duvessa
  3927 | D:5      | Reached XP level 7. HP: 33/41 MP: 7/7
  3932 | D:5      | Killed Dowan
  3932 | D:5      | Reached skill level 7 in Axes
  4086 | D:5      | Found a glowing silver altar of Zin.
  4093 | D:5      | Reached skill level 8 in Axes
  4114 | D:5      | Found an opulent altar of Gozag.
  4203 | D:5      | Reached XP level 8. HP: 46/46 MP: 8/8
  4268 | D:5      | Found a transporter.
  4270 | D:5      | Found a transporter.
  4271 | D:5      | Noticed thriggle's ghost (amateur BaIE)
  4314 | D:5      | Got an iridescent trident
  4315 | D:5      | Identified the +2 trident "Gir Colu" {flame, +Fly rC+ Str-5
                  | Dex+7} (You found it on level 5 of the Dungeon)
  4331 | D:5      | Noticed Sigmund
  4339 | D:5      | Killed Sigmund
  4593 | D:6      | Reached skill level 9 in Axes
  4822 | D:6      | Reached skill level 10 in Axes
  4926 | D:6      | Reached XP level 9. HP: 51/51 MP: 9/9
  6187 | D:6      | Found a staircase to the Ecumenical Temple.
  6437 | Temple   | Entered the Ecumenical Temple
  6449 | Temple   | Became a worshipper of Nemelex Xobeh the Trickster
  6532 | D:7      | Noticed Maggie
  6540 | D:7      | Killed Maggie
  6540 | D:7      | Reached skill level 11 in Axes
  6540 | D:7      | Reached skill level 1 in Evocations
  6614 | D:6      | Got an iridescent flail
  6615 | D:6      | Identified the +3 flail of Reason {protect, rN+ MP-9 Dex+5}
                  | (You found it on level 6 of the Dungeon)
  6771 | D:7      | Found a burning altar of Makhleb.
  6997 | D:7      | Found a runed translucent door.
  6998 | D:7      | Noticed Crazy Yiuf
  7310 | D:7      | Killed Crazy Yiuf
  7411 | D:8      | Reached * piety under Nemelex Xobeh
  7480 | D:8      | Found a staircase to the Lair.
  7828 | D:8      | Reached XP level 10. HP: 36/56 MP: 10/10
  8106 | D:8      | Received a gift from Nemelex Xobeh
  8515 | D:9      | Noticed a two-headed ogre
  8559 | D:8      | Reached skill level 12 in Axes
  8700 | D:9      | Reached skill level 5 in Fighting
  8745 | D:9      | Killed a two-headed ogre
  8851 | D:9      | Noticed Joseph
  8853 | D:9      | Noticed Erica
  9028 | D:9      | Killed Joseph
  9092 | D:9      | Killed Erica
  9328 | D:9      | Reached ** piety under Nemelex Xobeh
  9328 | D:9      | Reached XP level 11. HP: 67/67 MP: 11/11
  9403 | D:9      | Noticed a cyclops
  9405 | D:9      | Found a runed translucent door.
  9628 | D:9      | Found a shimmering blue altar of Sif Muna.
  9712 | D:10     | Entered Level 10 of the Dungeon
  9737 | D:10     | Received a gift from Nemelex Xobeh
 10039 | D:10     | Noticed a two-headed ogre
 10082 | D:11     | Found a gate leading to a gauntlet.
 10088 | Gauntlet | Entered a Gauntlet
 10088 | Gauntlet | Found a transporter.
 10088 | Gauntlet | Noticed a cyan ugly thing
 10095 | Gauntlet | Noticed a purple ugly thing
 10099 | Gauntlet | Noticed a great orb of eyes
 10108 | Gauntlet | Noticed a wizard
 10142 | Gauntlet | Noticed a wizard
 10161 | Gauntlet | Found a transporter.
 10220 | Gauntlet | Found a transporter.
 10280 | Gauntlet | Found a transporter.
 10281 | Gauntlet | Found a transporter.
 10282 | Gauntlet | Found a transporter.
 10283 | Gauntlet | Noticed a red ugly thing
 10288 | Gauntlet | Noticed a glowing orange brain
 10290 | Gauntlet | Noticed a glowing orange brain
 10294 | Gauntlet | Found a transporter.
 10296 | Gauntlet | Found a transporter.
 10359 | Gauntlet | Found a transporter.
 10360 | Gauntlet | Found a transporter.
 10364 | Gauntlet | Found a transporter.
 10370 | Gauntlet | Noticed a reaper
 10372 | Gauntlet | Found a runed translucent door.
 10374 | Gauntlet | Found a transporter.
 10377 | Gauntlet | Reached *** piety under Nemelex Xobeh
 10455 | Gauntlet | Reached skill level 13 in Axes
 10484 | Gauntlet | Got a steaming ivory amulet
 10498 | Gauntlet | Identified the amulet "Heoqon" {Spirit Str+2 SInv} (You
                  | found it in a Gauntlet)
 10521 | Gauntlet | Killed a reaper
 10533 | Gauntlet | Got a translucent helmet
 10536 | Gauntlet | Received a gift from Nemelex Xobeh
 10544 | Gauntlet | Noticed a minotaur
 10548 | Gauntlet | Killed a minotaur
 10563 | Gauntlet | Identified the +2 helmet "Nuseshra" {-Tele rN++ Int+8
                  | Dex+3} (You found it in a Gauntlet)
 10611 | D:11     | Noticed a seven-headed hydra
 10632 | D:10     | Banished a two-headed ogre
 10640 | D:10     | Killed a one-headed hydra
 10866 | D:10     | Reached skill level 10 in Fighting
 11080 | D:10     | Found Atecih's Antique Armour Boutique.
 11083 | D:10     | Bought a smoking cloak for 266 gold pieces
 11083 | D:10     | Bought a pair of glowing gloves for 210 gold pieces
 11098 | D:10     | Identified the +3 cloak of the Dropbear {Rampage rC- MP+9
                  | Str+6} (You bought it in a shop on level 10 of the Dungeon)
 11312 | D:10     | Found a basalt altar of Yredelemnul.
 11609 | D:11     | Noticed a two-headed ogre
 11614 | D:11     | Noticed a two-headed ogre
 11616 | D:11     | Killed a two-headed ogre
 11628 | D:11     | Reached skill level 14 in Axes
 11630 | D:11     | Killed a two-headed ogre
 11630 | D:11     | Reached XP level 12. HP: 49/79 MP: 12/12
 12032 | D:11     | Reached skill level 1 in Dodging
 12058 | D:11     | Found Zajaskit's Magic Scroll Shoppe.
 12066 | D:11     | Bought a scroll of teleportation for 39 gold pieces
 12066 | D:11     | Bought a scroll of teleportation for 39 gold pieces
 12320 | D:12     | Found a staircase to the Orcish Mines.
 12321 | D:12     | Noticed a boulder beetle
 12353 | D:11     | Killed a boulder beetle
 12353 | D:11     | Reached skill level 5 in Armour
 12510 | D:12     | Noticed an angel
 12510 | D:12     | Noticed a four-headed hydra
 12515 | D:12     | Killed a one-headed hydra
 12516 | D:12     | Found a glowing silver altar of Zin.
 12523 | D:12     | Found a runed translucent door.
 12571 | D:12     | Found Sidaol's Antique Weapon Shoppe.
 12611 | D:12     | Noticed Erolcha
 12624 | D:12     | Paralysed by Erolcha for 6 turns
 12637 | D:12     | Received a gift from Nemelex Xobeh
 12664 | D:12     | Killed Erolcha
 12815 | D:12     | Found a roughly hewn altar of Beogh.
 13032 | D:12     | Reached **** piety under Nemelex Xobeh
 13129 | D:12     | Found the +9 heavy crossbow "Sniper" {vorpal, Acc+∞ SInv}
 13777 | Lair:1   | Entered Level 1 of the Lair of Beasts
 13777 | Lair:1   | Noticed a four-headed hydra
 13783 | Lair:1   | Killed a one-headed hydra
 13783 | Lair:1   | Reached skill level 5 in Dodging
 13783 | Lair:1   | Reached skill level 5 in Evocations
 13915 | Lair:1   | Reached XP level 13. HP: 84/84 MP: 13/13
 14156 | Lair:1   | Received a gift from Nemelex Xobeh
 14830 | Lair:2   | Reached ***** piety under Nemelex Xobeh
 14915 | Lair:2   | Received a gift from Nemelex Xobeh
 15253 | Lair:2   | Found a frozen archway.
 15277 | IceCv    | Entered an ice cave
 15277 | IceCv    | Received a gift from Nemelex Xobeh
 15709 | IceCv    | Engulfed by an ice statue's freezing vapour

Illustrated notes

Levels and vault maps discovered:
D:1:      elethiomel_arrival_quiet, layout_loops_ring, minmay_tall_x
D:2:      layout_basic, lemuel_crystal_altar, minmay_hexomino_f4, uniq_natasha
D:3:      layout_loops_ring, nicolae_overflow_crystal_walls,
          gup_sewer_entry_spiral, uniq_robin
D:4:      layout_loops_ring
D:5:      layout_basic, old_standard_altar, gammafunk_ghost_mausoleum,
          grunt_gozag_breadcrumbs, uniq_sigmund, uniq_duvessa
D:6:      layout_basic, lemuel_temple_firewalk_b
D:7:      layout_basic, minmay_fountain_box, makhleb_heckhound_becter,
          uniq_crazy_yiuf_cottage, uniq_maggie
D:8:      layout_loops_ring, dpeg_oklobed_lair
D:9:      layout_rooms, lemuel_coloured_pillars_altar,
          corexii_mini_fake_secret_closet, minmay_stone_trees_small,
          minmay_st_funbox, uniq_joseph, uniq_erica
D:10:     layout_irregular_city, serial_shops, kennysheep_mini_moat,
          serial_co_window_serial, co_window_paths_a, co_window_paths_b,
          co_window_corner_a, co_window_corner_a, co_window_corner_a,
          co_window_paths_b, co_window_corner_a, co_window_corner_a,
          co_window_paths_a, co_window_of_opportunity_c, co_window_broadway_c,
          co_window_2corner, co_window_of_opportunity_b, co_window_broadway_a,
          basic_altar
D:11:     lemuel_ogre_cave, layout_cave_pools, serial_shops,
          nicolae_shop_statue_plus, gauntlet_entry_generic
D:12:     layout_layer_cave, minmay_orc_entry_temple_small, serial_shops, shop,
          lemuel_angel_altar, uniq_erolcha
Temple:   regret_index_temple_mists
Lair:1:   layout_chaotic_city, serial_bayou_shore_a
Lair:2:   layout_cave_pods, portal_ice_cave_entry_pillars_2
IceCv:    ice_cave_small_demon

Skill      XL: |  1  2  3  4  5  6  7  8  9 10 11 12 13 |
---------------+----------------------------------------+-----
Axes           | 2 3 4 5 6 8 10 11 12 14 | 14.1
Evocations     | 4 5 6 |  6.7
Fighting       | 7 10 | 10.9
Dodging        | 5 6 |  6.5
Armour         | 7 9 |  9.3
Shields        | |  3.2

Action                   |  1- 3 |  4- 6 |  7- 9 | 10-12 | 13-15 || total
-------------------------+-------+-------+-------+-------+-------++-------
Melee: War axe           |    99 |   191 |   167 |   368 |   178 ||  1003
       Trident           |       |       |   173 |       |       ||   173
Invok: Draw Summoning    |       |       |       |     2 |       ||     2
       Draw Destruction  |       |       |       |     1 |     3 ||     4
       Draw Escape       |       |       |       |     4 |       ||     4
  Use: Potion            |       |     2 |       |     4 |       ||     6
       Scroll            |       |     5 |     1 |    14 |       ||    20
Armor: Scale mail        |    50 |    10 |       |       |       ||    60
       Chain mail        |       |    63 |    94 |     1 |       ||   158
       Plate armour      |       |       |       |   224 |    70 ||   294
Dodge: Dodged            |    34 |    47 |    79 |   144 |    70 ||   374
Block: Kite shield       |    53 |   170 |   207 |   257 |    95 ||   782
       Reflection        |       |     3 |     7 |    13 |       ||    23

Table legend: (Time is in decaauts)
 A = Elapsed time spent in this place.
 B = Non-inter-level travel time spent in this place.
 C = Inter-level travel time spent in this place.
 D = Time resting spent in this place.
 E = Time spent auto-exploring this place.
 F = Levels seen in this place.
 G = Mean time per level.
                   A        B        C        D        E       F      G
               +--------+--------+--------+--------+--------+-----+--------+
         Total |  15901 |  14860 |   1041 |   3083 |   8860 |  17 |  935.4 |
       Dungeon |  13680 |  12715 |    965 |   2574 |   7877 |  12 | 1140.0 |
        Temple |     31 |     26 |      5 |      0 |      0 |   1 |   31.0 |
          Lair |   1262 |   1191 |     71 |     39 |    904 |   2 |  631.0 |
      Ice Cave |    425 |    425 |      0 |    266 |     79 |   1 |  425.0 |
      Gauntlet |    501 |    501 |      0 |    204 |      0 |   1 |  501.0 |
               +--------+--------+--------+--------+--------+-----+--------+

Top non-repeatable levels by time:
    D:10: 1596 daAuts
     D:2: 1488 daAuts
     D:8: 1427 daAuts
     D:5: 1383 daAuts
     D:6: 1268 daAuts
    D:12: 1235 daAuts
     D:3: 1084 daAuts
     D:9: 989 daAuts
     D:7: 867 daAuts
     D:1: 862 daAuts
     D:4: 802 daAuts
  Lair:1: 762 daAuts
    D:11: 676 daAuts
Gauntlet: 501 daAuts
  Lair:2: 499 daAuts
